 Dungeon Crawl Stone Soup version 0.26-a0-611-g354ed81502 (webtiles) character file.

Game seed: 7710518748124814880

18113 Descartes the Prestidigitator (level 12, -9/91 HPs)
             Began as a Formicid Fighter on Sept 6, 2020.
             Was an Initiate of Gozag.
             Mangled by an ice devil (11 damage)
             ... in an ice cave.
             The game lasted 00:33:40 (17432 turns).

Descartes the Prestidigitator (Formicid Fighter)   Turns: 17432, Time: 00:33:40

Health: -9/91      AC: 13    Str: 22    XL:     12   Next: 91%
Magic:  0/12       EV: 15    Int: 18    God:    Gozag
Gold:   2003       SH: 12    Dex: 16    Spells: 11/11 levels left

rFire    . . .     SeeInvis +   X - +3 scimitar (flame)
rCold    . . .     Faith    .   c - +0 kite shield
rNeg     . . .     Spirit   +   R - +1 acid dragon scales
rPois    .         Reflect  .   (helmet unavailable)
rElec    .         Harm     .   x - +0 cloak
rCorr    +                      o - +0 pair of gloves
MR       +....                  M - +0 pair of boots
Stlth    +++++.....             t - amulet of guardian spirit
HPRegen  0.25/turn              C - +6 ring of intelligence
MPRegen  0.13/turn              g - +4 ring of evasion

@: no status effects
A: permanent stasis, dig shafts and tunnels, four strong arms, antennae 3, thin
skeletal structure 2, clever 1, frail 1
a: Dig, Shaft Self, Potion Petition, Call Merchant, Bribe Branch, Renounce
Religion


You were in an ice cave.
You worshipped Gozag.
Gozag was most pleased with you.
You visited 3 branches of the dungeon, and saw 16 of its levels.
You also visited: Ice Cave.

You collected 2112 gold pieces.
You paid 109 gold pieces to Gozag.

Inventory:

Hand Weapons
 j - the +1 dagger "Naxtu" {drain, Str+3 Dex+6}
   (You found it on level 7 of the Dungeon)

   A truly terrible weapon, it drains the life of those it strikes.
   It affects your strength (+3).
   It affects your dexterity (+6).
 w - a +3 quarterstaff of chaos
 X - a +3 scimitar of flaming (weapon)
Missiles
 i - 313 arrows
 l - 430 stones (quivered)
 u - 35 boomerangs
 y - 20 sling bullets
 E - 9 javelins
 K - 44 poisoned darts
 L - 3 atropa-tipped darts
 O - 6 throwing nets
 V - 7 curare-tipped darts
Armour
 b - a +0 plate armour
 c - a +0 kite shield (worn)
 o - a +0 pair of gloves (worn)
 x - a +0 cloak (worn)
 D - a +2 robe of magic resistance
 M - a +0 pair of boots (worn)
 R - +1 acid dragon scales (worn)
Jewellery
 g - a +4 ring of evasion (right hand)
 t - an amulet of guardian spirit (around neck)
 C - a +6 ring of intelligence (left hand)
Wands
 a - a wand of enslavement (10)
 F - a wand of disintegration (17)
 P - a wand of paralysis (12)
 T - a wand of polymorph (10)
Scrolls
 e - 3 scrolls of fear
 h - 5 scrolls of enchant weapon
 m - 5 scrolls of amnesia
 r - 4 scrolls of immolation
 N - 4 scrolls of magic mapping
 U - 2 scrolls of remove curse
Potions
 d - 6 potions of might
 k - 3 potions of ambrosia
 s - 8 potions of curing
 z - a potion of mutation
 G - 2 potions of lignification
 Q - 2 potions of cancellation
 S - a potion of heal wounds
 W - a potion of brilliance
 Y - 3 potions of resistance
 Z - 3 potions of flight


   Skills:
 + Level 12.2 Fighting
 - Level 2.0 Long Blades
 - Level 9.0 Armour
 - Level 5.0 Stealth
 - Level 9.0 Shields
 - Level 14.0 Evocations


You had 11 spell levels left.
You didn't know any spells.
Your spell library contained the following spells:

 Spells                   Type           Power        Failure   Level
 Animate Skeleton         Necr           #.....       26%         1
 Pain                     Necr           #...         26%         1
 Vampiric Draining        Necr           #.........   63%         3
 Animate Dead             Necr           #.........   95%         4
 Agony                    Necr           #.......     100%        5


Dungeon Overview and Level Annotations

Branches:
Dungeon (11/15)            Temple (1/1) D:7            Lair (4/6) D:8
  Swamp (0/4) Lair:3       Spider (0/4) Lair:2          Orc (0/2) D:9
  IceCv (1/1)

Altars:
Ashenzari
Cheibriados
Dithmenos
Elyvilon
Fedhas
Gozag
Hepliaklqana
Kikubaaqudgha
Makhleb
Nemelex Xobeh
Okawaru
Qazlal
Ru
Sif Muna
Trog
Uskayaw
Vehumet
Wu Jian
Xom
Yredelemnul
Zin
The Shining One
Beogh

Annotations:
D:6 1 runed translucent door
Lair:4 Kirke


Innate Abilities, Weirdness & Mutations

You cannot be hasted, slowed, berserked, paralysed or teleported.
You can dig through walls and to a lower floor.
Your four strong arms can wield two-handed weapons with a shield.
You have a pair of large antennae on your head. (SInv)
You have a moderately thin skeletal structure. (Dex +4, Stealth+)
Your mind is acute. (Int +2)
You are frail. (-10% HP)


Message History

The ice devil hits you but does no damage.
The ice devil closely misses you.
You hit the ice devil. You burn the ice devil.
The ice devil is moderately wounded.
The ice devil hits you. The ice devil freezes you!
* * * LOW HITPOINT WARNING * * *
You hit the ice devil but do no damage.
The ice devil is moderately wounded.
The ice devil barely misses you.
You hit the ice devil. You burn the ice devil.
The ice devil is moderately wounded.
The ice devil hits you!
* * * LOW HITPOINT WARNING * * *
The ice devil freezes you!
* * * LOW HITPOINT WARNING * * *
The ice devil hits you!
* * * LOW HITPOINT WARNING * * *
The ice devil freezes you!
You die...
Your body crumbles into a pile of gold.

# #. .. #### {..
##..########..
##....##..##...
####..............
#@4...∩∩..........
####.......##.....
##....######...
##..## ##.. ####
{.. .. #. #


You could see an ice devil.

Vanquished Creatures
  Harold (Lair:2)
  Erica (D:8)
  2 unseen horrors
  An unseen horror (shapeshifter) (D:6)
  Pikel (D:4)
  The ghost of ANON1729 the Covered, a novice GnWn of the Shining One (D:6)
  The ghost of Descartes the Gouger, a novice FeTm (D:8)
  Maurice (D:8)
  3 cane toads
  Maggie (D:6)
  2 komodo dragons
  2 ice devils (IceCv)
  A hornet (D:10)
  2 polar bears (Lair:3)
  Grinder (D:4)
  4 hippogriffs
  A spriggan (Lair:3)
  A wraith (D:10)
  A wyvern (Lair:1)
  2 redbacks (Lair:2)
  13 yaks
  A basilisk (Lair:1)
  A hog (Lair:4)
  Edmund (D:6)
  3 water moccasins
  10 orc warriors
  7 porcupines
  2 sky beasts
  An ice beast (D:11)
  4 black bears
  2 phantoms
  3 wolves (Lair:3)
  5 ogres
  2 centaurs
  A lemure (D:4)
  4 crocodiles
  10 bullfrogs
  Blork the orc (D:4)
  4 big kobolds
  A water moccasin zombie (D:8)
  A scorpion (D:9)
  3 wights
  6 killer bees (D:9)
  3 howler monkeys (D:8)
  9 orc priests
  3 hounds
  3 bullfrog zombies
  7 orc wizards
  A bullfrog skeleton (D:2)
  Crazy Yiuf (D:3)
  6 iguanas
  8 worker ants
  A killer bee zombie (D:6)
  A hound zombie (D:10)
  A hound skeleton (D:4)
  2 worker ant zombies
  7 gnolls
  12 adders
  A howler monkey skeleton (D:4)
  A river rat (D:6)
  4 shadow imps
  2 white imps
  2 ufetubi
  An ooze (D:2)
  5 worms
  A dart slug (D:4)
  8 leopard geckos
  31 orcs
  3 ball pythons
  11 giant cockroaches
  6 goblins
  9 hobgoblins
  4 jackals
  3 quokkas
  A ball python skeleton (D:4)
  9 bats
  5 frilled lizards
  28 kobolds
  A leopard gecko skeleton (D:4)
  A leopard gecko zombie (D:5)
  A quokka skeleton (D:9)
  10 rats
329 creatures vanquished.

Vanquished Creatures (others)
  25 fungi
  19 plants
44 creatures vanquished.

Grand Total: 373 creatures vanquished

Notes
Turn   | Place    | Note
-------+----------+-------------------------------------------
     0 | D:1      | Descartes the Formicid Fighter began the quest for the Orb.
     0 | D:1      | Reached XP level 1. HP: 18/18 MP: 1/1
   284 | D:1      | Reached XP level 2. HP: 24/24 MP: 2/2
   494 | D:1      | Reached XP level 3. HP: 27/30 MP: 3/3
  1147 | D:2      | Reached XP level 4. HP: 23/37 MP: 4/4
  1471 | D:2      | Reached XP level 5. HP: 42/42 MP: 5/5
  1993 | D:3      | Found a runed translucent door.
  1994 | D:3      | Noticed Crazy Yiuf
  2001 | D:3      | Killed Crazy Yiuf
  2001 | D:3      | Reached skill level 5 in Shields
  2498 | D:3      | Reached XP level 6. HP: 45/50 MP: 6/6
  2667 | D:4      | Noticed an ogre
  2674 | D:4      | Killed an ogre
  2674 | D:4      | Reached skill level 5 in Fighting
  2674 | D:4      | Reached skill level 5 in Armour
  2763 | D:4      | Noticed an ogre
  2764 | D:4      | Noticed Grinder
  2769 | D:4      | Killed an ogre
  2769 | D:4      | Reached XP level 7. HP: 36/56 MP: 7/7
  2968 | D:4      | Noticed Blork the orc
  2986 | D:4      | Killed Blork the orc
  3173 | D:4      | Found a shimmering altar of Xom.
  3187 | D:4      | Noticed Pikel
  3201 | D:4      | Killed Pikel
  3201 | D:4      | Reached XP level 8. HP: 44/62 MP: 8/8
  3611 | D:4      | Killed Grinder
  4469 | D:5      | Entered Level 5 of the Dungeon
  4620 | D:5      | Found a snail-covered altar of Cheibriados.
  4631 | D:5      | Reached XP level 9. HP: 48/68 MP: 9/9
  5038 | D:6      | Noticed Edmund
  5047 | D:6      | Killed Edmund
  5697 | D:6      | Found a runed translucent door.
  5741 | D:6      | Noticed Maggie
  5775 | D:6      | Killed Maggie
  5775 | D:6      | Reached skill level 5 in Stealth
  5775 | D:6      | Reached skill level 2 in Evocations
  6226 | D:6      | Reached skill level 3 in Evocations
  6444 | D:6      | Reached skill level 4 in Evocations
  6520 | D:6      | Found a runed translucent door.
  6526 | D:6      | Noticed ANON1729's ghost (novice GnWn)
  6841 | D:6      | Noticed an unseen horror
  6841 | D:6      | a shapeshifter changed into an unseen horror
  6850 | D:6      | Killed an unseen horror
  6850 | D:6      | Reached skill level 6 in Evocations
  6850 | D:6      | Reached XP level 10. HP: 73/74 MP: 10/10
  6883 | D:6      | Killed ANON1729's ghost
  6883 | D:6      | Reached skill level 7 in Evocations
  6893 | D:6      | Reached skill level 8 in Evocations
  7471 | D:7      | Reached skill level 9 in Evocations
  7644 | D:7      | Got a brightly glowing dagger
  7651 | D:7      | Identified the +1 dagger "Naxtu" {drain, Str+3 Dex+6} (You
                  | found it on level 7 of the Dungeon)
  7909 | D:7      | Found a staircase to the Ecumenical Temple.
  7915 | Temple   | Entered the Ecumenical Temple
  7922 | Temple   | Became a worshipper of Gozag Ym Sagoz the Greedy
  8659 | D:8      | Noticed Maurice
  8680 | D:8      | Killed Maurice
  8680 | D:8      | Reached skill level 10 in Evocations
  9285 | D:8      | Noticed Erica
  9306 | D:8      | Killed Erica
  9306 | D:8      | Reached skill level 11 in Evocations
  9592 | D:8      | Reached XP level 11. HP: 79/79 MP: 11/11
  9790 | D:8      | Found a staircase to the Lair.
  9804 | D:8      | Found a runed translucent door.
  9807 | D:8      | Noticed Descartes's ghost (novice FeTm)
  9818 | D:8      | Found a bloodstained altar of Trog.
 10068 | D:8      | Reached skill level 12 in Evocations
 10294 | D:8      | Killed Descartes's ghost
 10528 | Lair:1   | Entered Level 1 of the Lair of Beasts
 11046 | Lair:1   | Reached skill level 13 in Evocations
 12188 | Lair:2   | Reached skill level 14 in Evocations
 12375 | Lair:2   | Noticed Harold
 12392 | Lair:2   | Killed Harold
 12638 | Lair:1   | Gained mutation: Your mind is acute. (Int +2) [potion of
                  | mutation]
 12638 | Lair:1   | Gained mutation: You are frail. (-10% HP) [potion of
                  | mutation]
 12638 | Lair:1   | Gained mutation: You have a somewhat thin skeletal
                  | structure. (Dex +2, Stealth) [potion of mutation]
 12638 | Lair:1   | Gained mutation: You have a moderately thin skeletal
                  | structure. (Dex +4, Stealth+) [potion of mutation]
 12663 | Lair:2   | Found a hole to the Spider Nest.
 12818 | Lair:2   | Reached XP level 12. HP: 81/81 MP: 12/12
 14064 | Lair:3   | Found a staircase to the Swamp.
 14984 | Lair:4   | Noticed Kirke
 15289 | D:9      | Noticed an unseen horror
 15313 | D:9      | Killed an unseen horror
 15313 | D:9      | Reached skill level 10 in Fighting
 15490 | D:9      | Found a roughly hewn altar of Beogh.
 15491 | D:9      | Found a staircase to the Orcish Mines.
 16432 | D:10     | Entered Level 10 of the Dungeon
 16438 | D:10     | Noticed an unseen horror
 16448 | D:10     | Killed an unseen horror
 17235 | D:11     | Found a frozen archway.
 17254 | IceCv    | Entered an ice cave
 17432 | IceCv    | HP: 2/91 [ice devil (7)]
 17432 | IceCv    | Mangled by an ice devil

Illustrated notes

Levels and vault maps discovered:
D:1:      dpeg_arrival_rooms_with_view, layout_loops_corners,
          hangedman_decor_points, chequers_serial_rivers_large_a,
          minmay_tromino_v4_a
D:2:      layout_loops_ring, hangedman_decor_slide_cut
D:3:      layout_basic, uniq_crazy_yiuf_cottage
D:4:      layout_basic, brannock_xom_greatest_gift, uniq_pikel,
          uniq_blork_the_orc, uniq_grinder
D:5:      layout_basic, basic_altar
D:6:      layout_basic, ebering_ghost_sewer_f, uniq_edmund, uniq_maggie
D:7:      layout_cave_pods, minmay_temple_entry_mini_moons, serial_column_ruins,
          column_ruins_grid_1, column_ruins_grid_3, column_ruins_columns_corner
D:8:      layout_loops_ring, nicolae_overflow_crystal_walls,
          grunt_lair_entry_orc_guard_hut, gammafunk_ghost_grave, uniq_erica,
          uniq_maurice
D:9:      layout_roguey, david_orc_5
D:10:     layout_cave_pools
D:11:     layout_cave_pools, serial_shops, nicolae_shop_stone,
          portal_ice_cave_entry_pillars_1
Temple:   nicolae_temple_the_god_donut
Lair:1:   layout_hall_layers, lemuel_fruit_fields
Lair:2:   layout_cave_pods, spider_nest_entry_webs,
          chequers_serial_rivers_marsh, uniq_harold
Lair:3:   layout_misc_corridors, swamp_mist, grunt_forest_stairs_clearing
Lair:4:   layout_regular_city, uniq_sonja, uniq_kirke, uniq_nergalle
IceCv:    ice_cave_tombish

Skill      XL: |  1  2  3  4  5  6  7  8  9 10 11 12 |
---------------+-------------------------------------+-----
Shields        | 4 5 8 9 |  9.0
Fighting       | 4 5 7 12 | 12.2
Armour         | 4 5 7 8 9 |  9.0
Stealth        | 5 |  5.0
Evocations     | 6 11 14 | 14.0
Long Blades    | |  2.0

Action                   |  1- 3 |  4- 6 |  7- 9 | 10-12 || total
-------------------------+-------+-------+-------+-------++-------
Melee: Long sword        |    79 |    96 |       |       ||   175
       Quarterstaff      |       |    41 |   263 |   484 ||   788
       Dagger            |       |       |       |     4 ||     4
       Scimitar          |       |       |       |   387 ||   387
       Unarmed           |       |       |       |     1 ||     1
Throw: Stone             |       |       |       |     1 ||     1
 Abil: Dig               |     1 |       |     2 |     8 ||    11
  Use: Scroll            |       |       |     8 |    11 ||    19
       Potion            |       |       |     2 |     4 ||     6
 Stab: Sleeping          |       |       |     4 |    14 ||    18
       Paralysed         |       |       |       |    20 ||    20
       Confused          |       |       |       |     2 ||     2
       Petrifying        |       |       |       |     1 ||     1
       Distracted        |       |       |       |     4 ||     4
Armor: Scale mail        |    33 |    29 |    35 |       ||    97
       Acid dragon scale |       |       |     9 |   194 ||   203
       Robe              |       |       |     6 |       ||     6
Dodge: Dodged            |    40 |    59 |   155 |   413 ||   667
Block: Kite shield       |    46 |    67 |   186 |   530 ||   829
       Rpst.: Long sword |    12 |    16 |       |       ||    28
       Scimitar          |       |       |       |    68 ||    68

Table legend: (Time is in decaauts)
 A = Elapsed time spent in this place.
 B = Non-inter-level travel time spent in this place.
 C = Inter-level travel time spent in this place.
 D = Time resting spent in this place.
 E = Time spent auto-exploring this place.
 F = Levels seen in this place.
 G = Mean time per level.
                   A        B        C        D        E       F      G
               +--------+--------+--------+--------+--------+-----+--------+
         Total |  17852 |  17067 |    785 |      0 |  13559 |  17 | 1050.1 |
       Dungeon |  12745 |  12166 |    579 |      0 |   9497 |  11 | 1158.6 |
        Temple |    246 |    238 |      8 |      0 |    231 |   1 |  246.0 |
          Lair |   4676 |   4478 |    198 |      0 |   3741 |   4 | 1169.0 |
      Ice Cave |    183 |    183 |      0 |      0 |     90 |   1 |  183.0 |
               +--------+--------+--------+--------+--------+-----+--------+

Top non-repeatable levels by time:
     D:6: 2315 daAuts
     D:8: 1987 daAuts
     D:4: 1797 daAuts
  Lair:3: 1787 daAuts
  Lair:1: 1473 daAuts
  Lair:2: 1386 daAuts
     D:9: 1307 daAuts
     D:1: 1170 daAuts
     D:7: 1126 daAuts
     D:3: 1012 daAuts
    D:10: 770 daAuts
     D:2: 716 daAuts
     D:5: 467 daAuts
  Temple: 246 daAuts
   IceCv: 183 daAuts
